 Dungeon Crawl Stone Soup version 0.28-a0-987-g8383568036 (webtiles) character file.

Game seed: 11778348413242402027

0 Gargoyl the Skirmisher (level 1, -11/23 HPs)
             Began as a Gnoll Abyssal Knight on Dec 4, 2021.
             Was a Follower of Lugonu.
             Mangled by a hellwing (12 damage)
             ... on level 1 of the Abyss.
             The game lasted 00:00:09 (73 turns).

Gargoyl the Skirmisher (Gnoll Abyssal Knight)         Turns: 73, Time: 00:00:09

Health: -11/23     AC:  3    Str: 12    XL:     1   Next: 0%
Magic:  3/3        EV: 12    Int:  9    God:    Lugonu [*.....]
Gold:   0          SH:  0    Dex: 12    Spells: 0/0 levels left

rFire   . . .      SeeInvis .   a - +1 hand axe
rCold   . . .      Faith    .   (no shield)
rNeg    . . .      Spirit   .   b - +0 leather armour
rPois   .          Reflect  .   (no helmet)
rElec   .          Harm     .   (no cloak)
rCorr   .          Rampage  .   (no gloves)
Will    .....                   (no boots)
Stlth   +.........              (no amulet)
HPRegen 0.07/turn               (no ring)
MPRegen 0.08/turn               (no ring)

@: no status effects
A: fangs 1, strong nose, distributed training
a: Renounce Religion, Depart the Abyss


You were on level 1 of the Abyss.
You worshipped Lugonu.
Lugonu was aware of your devotion.
You visited 0 branches of the dungeon, and saw 0 of its levels.
You visited the Abyss 1 time.

Inventory:

Hand Weapons
 a - a +1 hand axe (weapon)
Armour
 b - a +0 leather armour (worn)


   Skills:
 + Level 6.4 Fighting
 + Level 0.0 Short Blades
 + Level 0.0 Long Blades
 + Level 4.4 Axes
 + Level 0.0 Maces & Flails
 + Level 0.0 Polearms
 + Level 0.0 Staves
 + Level 0.0 Slings
 + Level 0.0 Bows
 + Level 0.0 Crossbows
 + Level 0.0 Throwing
 + Level 4.4 Armour
 + Level 2.3 Dodging
 + Level 0.0 Stealth
 + Level 0.0 Shields
 + Level 0.0 Unarmed Combat
 + Level 0.0 Spellcasting
 + Level 0.0 Conjurations
 + Level 0.0 Hexes
 + Level 0.0 Summonings
 + Level 0.0 Necromancy
 + Level 0.0 Translocations
 + Level 0.0 Transmutations
 + Level 0.0 Fire Magic
 + Level 0.0 Ice Magic
 + Level 0.0 Air Magic
 + Level 0.0 Earth Magic
 + Level 0.0 Poison Magic
 + Level 4.4 Invocations
 + Level 0.0 Evocations


You couldn't memorise any spells.
You didn't know any spells.
Your spell library was empty.

Dungeon Overview and Level Annotations

Branches:
Dungeon (0/15)

Altars:


Innate Abilities, Weirdness & Mutations

You have very sharp teeth.
Your uncanny sense of smell can sniff out nearby items.
Your experience applies equally to all skills.


Message History

Welcome, Gargoyl the Gnoll Abyssal Knight.
You feel drawn to the Orb of Zot, downwards into the unfathomable depths...
Lugonu says: Depart the Abyss and spread corruption, my servant! (use the ability menu to exit the Abyss) Press ? for a list of commands and other information.
Found 27 arrows.
Found a corrupted altar of Lugonu.
Unknown command.
Press < or > to pray at altars.
Found a corrupted altar of Lugonu.
You see here 27 arrows.
A tentacled starspawn punctures the fabric of the universe.
The hellwing gives a chilling moan.
Found a gateway leading deeper into the Abyss.
Tentacles burst from the starspawn's body! 2 starspawn tentacles come into view.
Found a fizzy orange potion.
c - a fizzy orange potion It was a potion of ambrosia.
You are confused.
You feel invigorated.
The hellwing swoops through the air toward you!
The hellwing misses you. The hellwing hits you. The hellwing hits you!
The hellwing closely misses you.
Tentacles burst from the starspawn's body! 2 starspawn tentacles come into view.
You feel less invigorated.
You feel less confused. The hellwing hits you! x2
* * * LOW HITPOINT WARNING * * *
The hellwing misses you. The hellwing closely misses you.
Unknown command.
The hellwing swoops through the air toward you!
The hellwing hits you but does no damage.
The hellwing hits you.
* * * LOW HITPOINT WARNING * * *
An ufetubus comes into view.
The hellwing hits you!
Ouch! That really hurt!
You die...

.....# # .##.....#.
..#. #.#...... ....
....... ...# #.....
..# ## #.#.## #.##
#.##....###...##
#.#.......#.....#..
#.........@.......
..#.#...X.#4....>..
..
...##....###...###5.
# .# #..#.## ##.##
§## #.....###...#
#§. #
##...w.#.....#....
#......4........
#......# ─...#... #.
....###.─X##


You could see a tentacled starspawn, a hellwing and an ufetubus (wandering).

Vanquished Creatures (others)
  4 starspawn tentacles (Abyss:1)
4 creatures vanquished.

Notes
Turn   | Place    | Note
-------+----------+-------------------------------------------
     0 | Abyss:1  | Gargoyl the Gnoll Abyssal Knight began the quest for the
                  | Orb.
     0 | Abyss:1  | Reached XP level 1. HP: 23/23 MP: 3/3
     0 | Abyss:1  | Found a corrupted altar of Lugonu.
    54 | Abyss:1  | Noticed a tentacled starspawn
    54 | Abyss:1  | Noticed a hellwing
    70 | Abyss:1  | HP: 1/23 [hellwing (7)]
    73 | Abyss:1  | Mangled by a hellwing

Illustrated notes

Levels and vault maps discovered:
Abyss:1:  base: Temple, base:
Temple

Action                   || total
-------------------------++-------
  Use: Potion            ||     1
Armor: Leather armour    ||     1
Dodge: Dodged            ||     4

Table legend: (Time is in decaauts)
 A = Elapsed time spent in this place.
 B = Non-inter-level travel time spent in this place.
 C = Inter-level travel time spent in this place.
 D = Time resting spent in this place.
 E = Time spent auto-exploring this place.
 F = Levels seen in this place.
 G = Mean time per level.
                   A        B        C        D        E       F      G
               +--------+--------+--------+--------+--------+-----+--------+
         Total |     73 |     73 |      0 |      0 |     53 |   1 |   73.0 |
         Abyss |     73 |     73 |      0 |      0 |     53 |   1 |   73.0 |
               +--------+--------+--------+--------+--------+-----+--------+

Top non-repeatable levels by time:
 Abyss:1: 73 daAuts
